 Dungeon Crawl Stone Soup version 0.28-a0-1143-gcf6077d4cc (webtiles) character file.

Game seed: 13077972746395287189

47635 mandarbmax the Brawler (level 14, -2/143 HPs)
             Began as a Troll Cinder Acolyte on Dec 14, 2021.
             Was a Follower of Ignis.
             Slain by a basilisk (5 damage)
             ... while petrified by a basilisk
             ... on level 6 of the Lair of Beasts.
             The game lasted 00:49:43 (15331 turns).

mandarbmax the Brawler (Troll Cinder Acolyte)      Turns: 15331, Time: 00:49:44

Health: -2/143     AC: 12    Str: 31    XL:     14   Next: 9%
Magic:  23/23      EV:  1    Int: 10    God:    Ignis [*.....]
Gold:   1112       SH:  0    Dex:  9    Spells: 15/15 levels left

rFire   + . .      SeeInvis .     - Unarmed
rCold   . . .      Faith    .   (no shield)
rNeg    + + +      Spirit   .   a - +0 robe
rPois   ∞          Reflect  .   E - +1 hat
rElec   .          Harm     .   y - +2 cloak
rCorr   .          Rampage  .   (gloves unavailable)
Will    +....                   (boots unavailable)
Stlth   +.........              (no amulet)
HPRegen 1.13/turn               B - +4 ring of protection
MPRegen 0.18/turn               I - ring of Seaschecw {Drain rPois MP+9 Str+6 Slay+3}

@: petrified, unable to read
A: large, unfitting armour, claws 3, regeneration 1, shaggy fur 1, tough skin 1,
inability to read while threatened
a: Renounce Religion, Fiery Armour, Foxfire Swarm, Rising Flame


You were on level 6 of the Lair of Beasts.
You worshipped Ignis.
Ignis was aware of your devotion.
You visited 3 branches of the dungeon, and saw 18 of its levels.
You also visited: Sewer and Volcano.

You collected 1112 gold pieces.

Inventory:

Missiles
 b - 2 throwing nets
 e - 59 poisoned darts (quivered)
 t - 2 curare-tipped darts
Armour
 a - a +0 robe (worn)
 y - a +2 cloak (worn)
 z - a +0 kite shield
 E - a +1 hat (worn)
 F - a +0 hat of intelligence
Jewellery
 g - a ring of poison resistance
 r - a ring of fire
 s - a ring of flight
 u - a ring of magical power
 B - a +4 ring of protection (left claw)
 I - the ring of Seaschecw (right claw) {Drain rPois MP+9 Str+6 Slay+3}
   (You found it on level 4 of the Lair of Beasts)

   [ring of magical power]

   Str:       It affects your strength (+6).
   Slay:      It affects your accuracy & damage with ranged weapons and melee
   (+3).
   rPois:     It protects you from poison.
   MP:        It affects your magic capacity (+9).
   Drain:     It drains your maximum health when unequipped.
Wands
 i - a wand of iceblast (7)
 j - a wand of paralysis (13)
 p - a wand of polymorph (7)
Scrolls
 d - 6 scrolls of blinking
 f - a scroll of summoning
 h - 2 scrolls of amnesia
 n - 6 scrolls of teleportation
 w - 4 scrolls of fear
 C - a scroll of vulnerability
 K - a scroll of enchant armour {unknown}
 L - a scroll of brand weapon
Potions
 c - a potion of flight
 k - 3 potions of cancellation {unknown}
 l - 3 potions of haste
 m - 5 potions of curing
 o - 4 potions of heal wounds
 q - 6 potions of mutation
 v - a potion of brilliance
 x - 2 potions of lignification
 A - a potion of ambrosia
 D - a potion of attraction
 G - 2 potions of might
 H - a potion of resistance
 J - a potion of berserk rage
Miscellaneous
 M - a piece from Xom's chessboard (15/15)


   Skills:
 - Level 10.0 Fighting
 + Level 6.9 Throwing
 + Level 6.3 Dodging
 * Level 7.8 Shields
 - Level 16.0 Unarmed Combat
 - Level 1.0 Spellcasting
 - Level 2.1 Fire Magic
 - Level 5.0 Evocations


You had 15 spell levels left.
You didn't know any spells.
Your spell library contained the following spells:

 Spells                   Type           Power      Damage    Failure   Level
 Scorch                   Fire           8%         2d5       22%         2
 Beastly Appendage        Tmut           0%         N/A       34%         1
 Slow                     Hex            0%         N/A       34%         1
 Blink                    Tloc           0%         N/A       45%         2
 Ensorcelled Hibernation  Hex/Ice        0%         N/A       45%         2
 Wereblood                Tmut           0%         N/A       45%         2
 Confusing Touch          Hex            0%         N/A       71%         3
 Gell's Gravitas          Tloc           0%         N/A       71%         3
 Lesser Beckoning         Tloc           0%         N/A       71%         3
 Spider Form              Tmut/Pois      0%         N/A       71%         3
 Teleport Other           Tloc           0%         N/A       71%         3
 Manifold Assault         Tloc           0%         N/A       100%        5
 Yara's Violent Unravell  Hex/Tmut       0%         3d3       100%        5
 Dispersal                Tloc           0%         N/A       100%        6
 Storm Form               Tmut/Air       0%         N/A       100%        7
 Chain Lightning          Conj/Air       0%         N/A       100%        9
 Fire Storm               Conj/Fire      1%         7d1       100%        9
 Shatter                  Erth           0%         3d5*      100%        9


Dungeon Overview and Level Annotations

Branches:
Dungeon (11/15)            Temple (1/1) D:4            Lair (6/6) D:10
 Shoals (0/4) Lair:3        Snake (0/4) Lair:4        Slime (0/5) Lair:6
    Orc (0/2) D:10          Sewer (visited)         Volcano (visited)

Altars:
Ashenzari
Cheibriados
Dithmenos
Elyvilon
Fedhas
Gozag
Hepliaklqana
Kikubaaqudgha
Makhleb
Nemelex Xobeh
Okawaru
Qazlal
Ru
Sif Muna
Trog
Uskayaw
Vehumet
Wu Jian
Xom
Yredelemnul
Zin
The Shining One

Shops:
D:1 :   D:5 ?   D:10 (

Annotations:
Lair:1 exclusion: 3 oklob plants


Innate Abilities, Weirdness & Mutations

You are too large for most types of armour.
You have claws for hands.
Your natural rate of healing is unusually fast.
You are covered in fur. (AC +1)
You have tough skin. (AC +1)
You sometimes lose the ability to read scrolls when taking damage.


Message History

You miss the basilisk.
The basilisk is severely wounded.
The basilisk bites you! The basilisk gazes at you.
Your limbs have turned to stone.
The komodo dragon bites you!
You have turned to stone.
The basilisk bites you! x2; The komodo dragon bites you!
The basilisk gazes at you. The basilisk bites you! The basilisk bites you.
The komodo dragon bites you!!
You feel threatened and lose the ability to read scrolls!
The basilisk completely misses you.
The basilisk bites you but does no damage.
The basilisk gazes at you.
You easily resist.
The komodo dragon bites you! The basilisk bites you. The basilisk bites you!
The basilisk gazes at you. The komodo dragon bites you!
* * * LOW HITPOINT WARNING * * *
The basilisk bites you. The basilisk gazes at you. The basilisk bites you!
* * * LOW HITPOINT WARNING * * *
The komodo dragon bites you!!
* * * LOW HITPOINT WARNING * * *
The basilisk bites you.
* * * LOW HITPOINT WARNING * * *
The basilisk bites you but does no damage.
The basilisk bites you!
* * * LOW HITPOINT WARNING * * *
The komodo dragon bites you!
* * * LOW HITPOINT WARNING * * *
The basilisk gazes at you. x2
You easily resist.
The basilisk gazes at you. The komodo dragon bites you!!
* * * LOW HITPOINT WARNING * * *
The basilisk bites you. The basilisk bites you!
* * * LOW HITPOINT WARNING * * *
The basilisk bites you!
You die...

............#.#.#............#
...(......####.###............#
####......# #..###...........#
# ####.### #††###..........##
### ##.).# ##......#P# ##....#
##....# ## #8#.....##
.........#8# 8......l@..#
......#lll..# #.....#.....#
##....S#....8# ##...≈≈...###
###≈≈≈≈#.. ≈§§§≈≈≈..
#####§≈§#..


You could see a komodo dragon, 3 basilisks and a lava snake.

Vanquished Creatures
  Gastronok (Lair:3)
  A boulder beetle (Lair:3)
  Harold (D:8)
  7 hydras
  A catoblepas (Lair:3)
  A two-headed ogre (D:9)
  5 death yaks (Lair:4)
  A hell knight (Volcano)
  Pikel (D:6)
  2 ugly things (Volcano)
  2 wolf spiders (Lair:3)
  A shining eye (Lair:5)
  A merfolk siren (Lair:3)
  5 elephants (Lair:6)
  4 black mambas
  2 molten gargoyles
  24 cane toads
  A smoke demon (Volcano)
  A gargoyle (Volcano)
  3 rime drakes
  11 komodo dragons
  A red devil (Volcano)
  4 polar bears
  Prince Ribbit (D:5)
  A troll (D:10)
  A slime creature (Lair:6)
  A snapping turtle (Lair:5)
  3 blink frogs (Lair:1)
  A meliai zombie (D:10)
  4 wyverns
  A shadow (D:10)
  25 yaks
  A vampire (D:6)
  6 fire bats (Volcano)
  7 basilisks
  The ghost of ThrustWizard the Slasher, an amateur DsBe of Trog (D:4)
  A steam dragon (Lair:3)
  3 nagas (Lair:4)
  2 acid dragons
  12 water moccasins
  A hell hound (Volcano)
  2 black bears
  4 ice beasts
  4 orc warriors
  A necrophage (D:5)
  26 wolves
  2 ogres (D:6)
  3 centaurs
  3 phantoms
  2 lemures (D:6)
  6 kobold brigands
  19 bullfrogs
  4 gnoll sergeants
  2 water moccasin zombies (D:6)
  A wyvern zombie (D:6)
  2 scorpions
  A wyvern skeleton (D:5)
  A water moccasin skeleton (D:5)
  3 killer bees (D:8)
  4 wights (D:7)
  4 electric eels (D:10)
  2 howler monkeys
  A bullfrog zombie (D:6)
  5 lava snakes (Volcano)
  A bullfrog skeleton (D:4)
  2 centaur zombies
  9 hounds
  2 jellies
  3 orc priests
  A centaur skeleton (D:5)
  An iguana (D:6)
  8 orc wizards
  A human simulacrum (D:9)
  15 gnolls
  8 adders
  A hound simulacrum (D:4)
  3 river rats
  A white imp (D:6)
  A howler monkey simulacrum (D:4)
  An adder zombie (D:5)
  5 worms
  4 dart slugs
  An adder simulacrum (D:4)
  31 orcs
  12 ball pythons
  6 bats
  15 endoplasms
  3 giant cockroaches
  9 goblins
  4 hobgoblins
  4 jackals (D:1)
  5 quokkas
  2 frilled lizards (D:2)
  15 kobolds
  A quokka simulacrum (D:4)
  11 rats
441 creatures vanquished.

Vanquished Creatures (others)
  An orc priest (D:9)
  A human simulacrum (D:9)
  An orc (D:9)
  80 foxfires
  16 fungi
  18 plants
117 creatures vanquished.

Grand Total: 558 creatures vanquished

Notes
Turn   | Place    | Note
-------+----------+-------------------------------------------
     0 | D:1      | mandarbmax the Troll Cinder Acolyte began the quest for the
                  | Orb.
     0 | D:1      | Reached XP level 1. HP: 22/22 MP: 1/1
    91 | D:1      | Reached XP level 2. HP: 29/29 MP: 2/2
   355 | D:1      | Found Vehiff's Book Shoppe.
   385 | D:1      | Reached XP level 3. HP: 36/36 MP: 3/3
   386 | D:1      | Found a faded altar of an unknown god.
   534 | D:1      | Reached skill level 4 in Unarmed Combat
   875 | D:2      | Reached XP level 4. HP: 30/45 MP: 4/4
  1121 | D:2      | Found an ornate altar of the Wu Jian Council.
  1930 | D:4      | Reached skill level 5 in Unarmed Combat
  1930 | D:4      | Reached XP level 5. HP: 51/53 MP: 5/5
  1947 | D:4      | Found a runed translucent gate.
  1950 | D:4      | Found a runed translucent gate.
  1950 | D:4      | Found a runed translucent gate.
  1973 | D:4      | Noticed an ice beast
  1973 | D:4      | Noticed ThrustWizard's ghost (amateur DsBe)
  2087 | D:4      | Found a staircase to the Ecumenical Temple.
  2134 | D:4      | Noticed a phantom
  2144 | D:4      | Killed a phantom
  2145 | D:4      | Reached XP level 6. HP: 62/62 MP: 6/6
  2309 | D:4      | Killed ThrustWizard's ghost
  2310 | D:4      | Reached skill level 6 in Unarmed Combat
  2310 | D:4      | Killed an ice beast
  2311 | D:4      | Reached XP level 7. HP: 70/70 MP: 7/7
  2390 | D:5      | Entered Level 5 of the Dungeon
  2396 | D:5      | Reached skill level 7 in Unarmed Combat
  2583 | D:5      | Found a shimmering blue altar of Sif Muna.
  2635 | D:5      | Found Xusipeim's Magic Scroll Boutique.
  2639 | D:5      | Noticed Prince Ribbit
  2651 | D:5      | Killed Prince Ribbit
  2652 | D:5      | Reached skill level 5 in Fighting
  2652 | D:5      | Reached skill level 8 in Unarmed Combat
  2678 | D:5      | Reached XP level 8. HP: 80/80 MP: 8/8
  2951 | D:5      | Found a white marble altar of Elyvilon.
  2951 | D:5      | Found a hazy altar of Hepliaklqana.
  3249 | D:6      | Noticed Pikel
  3267 | D:6      | Killed Pikel
  3268 | D:6      | Reached skill level 9 in Unarmed Combat
  3338 | D:6      | Found a snail-covered altar of Cheibriados.
  3338 | D:6      | Found an iron altar of Okawaru.
  3370 | D:6      | Reached skill level 10 in Unarmed Combat
  3375 | D:6      | Reached XP level 9. HP: 27/89 MP: 9/9
  3491 | D:6      | Found a glowing drain.
  3501 | Sewer    | Entered a sewer
  4029 | Sewer    | Reached skill level 11 in Unarmed Combat
  5100 | D:7      | Reached skill level 12 in Unarmed Combat
  5655 | D:7      | Reached XP level 10. HP: 93/96 MP: 10/10
  5695 | D:8      | Noticed Harold
  5710 | D:8      | Killed Harold
  6327 | D:8      | Found a broken altar of Ashenzari.
  6791 | D:9      | Noticed a two-headed ogre
  6804 | D:9      | Killed a two-headed ogre
  6805 | D:9      | Reached skill level 13 in Unarmed Combat
  6851 | D:9      | Identified the +6 flail of Discord {drain, Int+2}
  7824 | Temple   | Entered the Ecumenical Temple
  7978 | D:10     | Entered Level 10 of the Dungeon
  8013 | D:10     | Reached skill level 14 in Unarmed Combat
  8190 | D:10     | Found an opulent altar of Gozag.
  8212 | D:10     | Found a staircase to the Orcish Mines.
  8216 | D:10     | Found Nuliunost's Weapon Boutique.
  8226 | D:10     | Reached XP level 11. HP: 113/113 MP: 11/11
  8495 | D:10     | Found a staircase to the Lair.
  8969 | Lair:1   | Entered Level 1 of the Lair of Beasts
  8969 | Lair:1   | You fall into a shaft and drop 1 floor!
  9023 | Lair:1   | Noticed an oklob plant
  9140 | Lair:1   | Reached skill level 15 in Unarmed Combat
  9220 | Lair:1   | Noticed a six-headed hydra
  9228 | Lair:1   | Killed a six-headed hydra
  9527 | Lair:1   | Identified the +7 rapier of the End {protect, rPois Int-3
                  | Dex+5}
  9585 | Lair:1   | Found a dark tunnel.
  9591 | Volcano  | Entered a volcano
  9804 | Volcano  | Found a burning altar of Makhleb.
  9804 | Volcano  | Noticed a red ugly thing
  9810 | Volcano  | Killed a red ugly thing
  9816 | Volcano  | Reached skill level 16 in Unarmed Combat
  9818 | Volcano  | Reached skill level 10 in Fighting
  9844 | Volcano  | Noticed a hell knight
  9857 | Volcano  | Killed a hell knight
  9858 | Volcano  | Reached skill level 1 in Throwing
  9858 | Volcano  | Reached skill level 1 in Dodging
  9858 | Volcano  | Reached XP level 12. HP: 69/126 MP: 12/12
  9895 | Volcano  | Reached skill level 1 in Evocations
 10801 | Lair:2   | Noticed a six-headed hydra
 10807 | Lair:2   | Killed a six-headed hydra
 11364 | Lair:3   | Noticed Gastronok
 11380 | Lair:3   | Killed Gastronok
 11381 | Lair:3   | Reached skill level 1 in Shields
 11551 | Lair:3   | Noticed a boulder beetle
 11570 | Lair:3   | Killed a boulder beetle
 11775 | Lair:3   | Identified the +8 chain mail of Niesuosm {Str+3}
 11985 | Lair:3   | Noticed a catoblepas
 11998 | Lair:3   | Killed a catoblepas
 12112 | Lair:3   | Found a staircase to the Shoals.
 12355 | Lair:4   | Identified the ring of Seaschecw {Drain rPois MP+9 Str+6
                  | Slay+3}
 12486 | Lair:4   | Noticed a four-headed hydra
 12503 | Lair:4   | Killed a five-headed hydra
 12504 | Lair:4   | Reached XP level 13. HP: 98/133 MP: 13/13
 12597 | Lair:4   | Found a staircase to the Snake Pit.
 12645 | Lair:4   | Reached skill level 5 in Throwing
 12819 | Lair:4   | Reached skill level 5 in Shields
 12846 | Lair:4   | Reached skill level 5 in Dodging
 13794 | Lair:5   | Found a white marble altar of Elyvilon.
 13965 | Lair:5   | Gained mutation: You sometimes lose the ability to read
                  | scrolls when taking damage. [a shining eye]
 14055 | Lair:5   | Reached skill level 5 in Evocations
 14230 | Lair:6   | Entered Level 6 of the Lair of Beasts
 14382 | Lair:6   | Found a staircase to the Slime Pits.
 14956 | Lair:6   | Reached XP level 14. HP: 143/143 MP: 14/14
 15331 | Lair:6   | HP: 3/143 [basilisk (7)]
 15331 | Lair:6   | Slain by a basilisk

Illustrated notes

Levels and vault maps discovered:
D:1:      lightli_arrival_quake, layout_loops_cross, serial_shops, shop_statue,
          ebering_ecumenical_altar_sacrificial
D:2:      minmay_angry_zag, layout_rooms, basic_altar
D:3:      layout_loops_ring
D:4:      layout_rooms, temple_green, gammafunk_ghost_icy, minmay_statues_item
D:5:      layout_basic, gammafunk_temple_overflow_statue,
          mainiacjoe_overflow_tiny_flanked, serial_shops, shop,
          minmay_misc_feat_rows, uniq_prince_ribbit1
D:6:      layout_basic, jmf_multi_god_temple, portal_sewer_entry_a,
          chequers_serial_rivers_micro_b, minmay_bent, uniq_pikel
D:7:      layout_loops_cross
D:8:      layout_basic, nicolae_ashenzari_skybound, uniq_harold
D:9:      layout_cave_pools, chequers_serial_rivers_small_b, bh_circular_ruins
D:10:     layout_basic, mainiacjoe_overflow_surrounded_room, erik_lair_island,
          serial_shops, nicolae_shop_crystal, pond
D:11:     layout_roguey [special_room_bee]
Temple:   minmay_freezing_vapour_temple
Lair:1:   dpeg_oklob_gauntlet, layout_long_grid, enter_volcano_4
Lair:2:   layout_regular_city
Lair:3:   layout_long_grid, elwin_shoals_entry_rooms,
          nicolae_lair_run_with_the_wolves, uniq_gastronok
Lair:4:   layout_roguey, guppyfry_snake_entry_garden
Lair:5:   layout_roguey, basic_altar, grunt_megastairs_1
Lair:6:   cheibrodos_lair_end_hotspot, layout_cave_pods, slime_dummy,
          st_stairs_12, infiniplex_staircase_pool_2, serial_bayou_shore_b

Skill      XL: |  1  2  3  4  5  6  7  8  9 10 11 12 13 |
---------------+----------------------------------------+-----
Unarmed Combat | 4 5 6 8 10 12 14 16 | 16.0
Fighting       | 3 4 5 6 7 8 10 | 10.0
Throwing       | 1 4 6 |  6.9
Dodging        | 1 4 6 |  6.3
Evocations     | 3 5 |  5.0
Shields        | 4 7 |  7.8
Spellcasting   | |  1.0
Fire Magic     | |  2.1

Action                   |  1- 3 |  4- 6 |  7- 9 | 10-12 | 13-15 || total
-------------------------+-------+-------+-------+-------+-------++-------
Melee: Unarmed           |   106 |    75 |   266 |   498 |   252 ||  1197
       Punch             |       |     3 |    11 |    26 |    27 ||    67
Throw: Dart              |     7 |     7 |    18 |   108 |    30 ||   170
       Javelin           |       |       |     5 |     8 |       ||    13
       Boomerang         |       |       |       |    39 |       ||    39
       Throwing net      |       |       |       |     2 |       ||     2
Invok: Foxfire Swarm     |       |     3 |       |     1 |       ||     4
       Fiery Armour      |       |       |     1 |     3 |     2 ||     6
Evoke: Wand              |       |       |       |    10 |    20 ||    30
  Use: Scroll            |       |       |     9 |    13 |     2 ||    24
       Potion            |       |       |       |     3 |     1 ||     4
Armor: Robe              |    46 |    13 |    52 |   151 |   117 ||   379
       Skin              |       |       |       |       |    14 ||    14
Dodge: Dodged            |    50 |    24 |    94 |   178 |   123 ||   469
Block: Kite shield       |       |       |       |    22 |       ||    22

Table legend: (Time is in decaauts)
 A = Elapsed time spent in this place.
 B = Non-inter-level travel time spent in this place.
 C = Inter-level travel time spent in this place.
 D = Time resting spent in this place.
 E = Time spent auto-exploring this place.
 F = Levels seen in this place.
 G = Mean time per level.
                   A        B        C        D        E       F      G
               +--------+--------+--------+--------+--------+-----+--------+
         Total |  15259 |  14343 |    916 |    593 |  10441 |  20 |  763.0 |
       Dungeon |   8303 |   7674 |    629 |    248 |   5847 |  11 |  754.8 |
        Temple |      1 |      0 |      1 |      0 |      0 |   1 |    1.0 |
          Lair |   5911 |   5626 |    285 |    281 |   3986 |   6 |  985.2 |
         Sewer |    699 |    699 |      0 |      0 |    507 |   1 |  699.0 |
       Volcano |    343 |    343 |      0 |     64 |    101 |   1 |  343.0 |
               +--------+--------+--------+--------+--------+-----+--------+

Top non-repeatable levels by time:
  Lair:3: 1365 daAuts
     D:8: 1185 daAuts
     D:6: 1160 daAuts
  Lair:6: 1066 daAuts
  Lair:1: 954 daAuts
     D:9: 910 daAuts
  Lair:5: 908 daAuts
    D:10: 867 daAuts
     D:5: 864 daAuts
  Lair:2: 824 daAuts
  Lair:4: 791 daAuts
     D:7: 724 daAuts
     D:1: 715 daAuts
   Sewer: 699 daAuts
     D:3: 658 daAuts
